 Dungeon Crawl Stone Soup version 0.20-a0-939-g04f5055 (webtiles) character file.

17451 krabocopter the Fighter (level 12, -2/110 HPs)
             Began as a Green Draconian Monk on Mar 29, 2017.
             Was a High Priest of Sif Muna.
             Slain by a black mamba (4 damage)
             ... on level 1 of the Lair of Beasts on Mar 30, 2017.
             The game lasted 00:55:25 (14290 turns).

krabocopter the Fighter (Green Draconian Monk)     Turns: 14290, Time: 00:55:25

Health: -2/110     AC: 12    Str: 14    XL:     12   Next: 19%
Magic:  15/19      EV:  2    Int: 18    God:    Sif Muna [*****.]
Gold:   257        SH:  0    Dex: 14    Spells: 9/21 levels left

rFire    . . .     SeeInvis .   N - +6 short sword "Conservator" {pierce, +Rage rN+ MR- Int+3}
rCold    . . .     Gourm    .   R - +0 buckler
rNeg     + + +     Faith    .   (armour unavailable)
rPois    ∞         Spirit   .   T - +0 hat
rElec    .         Reflect  .   t - +2 cloak
rCorr    .         Harm     .   u - +0 pair of gloves
MR       .....                  (no boots)
Stlth    ++........             (no amulet)
Regen    0.3/turn               p - ring of protection from magic
MPRegen  0.2/turn               (no ring)

@: petrified
A: breathe noxious fumes, unfitting armour, poison resistance, cold-blooded, AC
+8
a: Breathe Noxious Fumes, Divine Energy, Channel Magic, Forget Spell, Renounce
Religion, Evoke Berserk Rage


You were on level 1 of the Lair of Beasts.
You worshipped Sif Muna.
Sif Muna was extremely pleased with you.
You were near starving.

You visited 3 branches of the dungeon, and saw 14 of its levels.

You collected 689 gold pieces.
You spent 432 gold pieces at shops.

Inventory:

Hand Weapons
 F - a +1 scythe of freezing
 G - a +3 short sword of venom
 N - the +6 short sword "Conservator" (weapon) {pierce, +Rage rN+ MR- Int+3}
   (You bought it in a shop on level 7 of the Dungeon)

   It inflicts extra damage upon your enemies.
   It affects your intelligence (+3).
   It protects you from negative energy.
   It affects your resistance to hostile enchantments.
   It lets you go berserk.
 O - the +8 halberd of Eternal War {chop, Dex+2}
   (You found it on level 7 of the Dungeon)

   It inflicts extra damage upon your enemies.
   It affects your dexterity (+2).
 W - the +1 dagger of the Shining Light {venom, rElec rF- Dex+5}
   (You found it on level 1 of the Lair of Beasts)

   It poisons the flesh of those it strikes.
   It affects your dexterity (+5).
   It makes you vulnerable to fire.
   It insulates you from electricity.
Missiles
 r - 2 tomahawks of dispersal (quivered)
 I - 7 curare-tipped needles
Armour
 s - the +3 large shield of Plog {Regen+}
   (You took it off a hobgoblin on level 4 of the Dungeon)

   It increases your rate of regeneration.
 t - a +2 cloak (worn)
 u - a +0 pair of gloves (worn)
 R - a +0 buckler (worn)
 T - a +0 hat (worn)
Magical Staves
 H - an uncursed staff of wizardry
Jewellery
 p - a ring of protection from magic (left hand)
Wands
 n - a wand of iceblast (9/15)
 A - a wand of iceblast (3/15)
 L - a wand of acid (2/15)
 V - a wand of digging (14/24)
Scrolls
 c - 4 scrolls of teleportation
 e - a scroll of magic mapping
 h - a scroll of immolation
 i - 10 scrolls of remove curse
 j - 4 scrolls of identify
 k - a scroll of fear
 m - 5 scrolls of amnesia
 o - 2 scrolls of enchant weapon
 q - 2 scrolls of random uselessness {unknown}
 C - a scroll of enchant armour {unknown}
 E - a scroll of fog
 M - a scroll of blinking {unknown}
Potions
 d - 2 potions of magic
 l - 3 potions of curing
 w - 3 potions of brilliance
 z - a potion of heal wounds
 B - a potion of cancellation
 D - 2 potions of mutation
 J - a potion of haste
 K - a potion of might
 P - 2 potions of flight
 S - 2 potions of agility
 U - a potion of invisibility {unknown}
Books
 v - a book of Misfortune

   Spells                             Type                      Level
   a - Confusing Touch                Hexes                        1
   b - Confuse                        Hexes                        3
   c - Gell's Gravitas                Translocation                3
   d - Petrify                        Transmutation/Earth          4
   e - Metabolic Englaciation         Hexes/Ice                    5
   f - Yara's Violent Unravelling     Hexes/Transmutation          5
 x - a book of Air

   Spells                             Type                      Level
   a - Shock                          Conjuration/Air              1
   b - Swiftness                      Charms/Air                   2
   c - Static Discharge               Conjuration/Air              3
   d - Airstrike                      Air                          4
   e - Lightning Bolt                 Conjuration/Air              5
 y - a book of Maledictions

   Spells                             Type                      Level
   a - Corona                         Hexes                        1
   b - Ensorcelled Hibernation        Hexes/Ice                    2
   c - Confuse                        Hexes                        3
   d - Tukima's Dance                 Hexes                        3
   e - Dazzling Spray                 Conjuration/Hexes            3
 Q - Sif Muna's Incunabulum of Fetching Attacks
   (Sif Muna gifted it to you on level 11 of the Dungeon)

   Spells                             Type                      Level
   a - Searing Ray                    Conjuration                  2
   b - Throw Frost                    Conjuration/Ice              2
   c - Slow                           Hexes                        2
   d - Inner Flame                    Hexes/Fire                   3
Comestibles
 a - 14 fruits
 b - 11 bread rations
 f - 2 meat rations
 g - 13 royal jellies


   Skills:
 - Level 11.1 Fighting
 + Level 0.6(2.0) Short Blades
   Level 3.0 Long Blades
 - Level 10.2 Dodging
 + Level 2.5 Stealth
 - Level 3.0 Shields
 - Level 5.0 Spellcasting
 - Level 7.4 Conjurations
 - Level 8.8 Hexes
 + Level 2.1 Ice Magic


You had 9 spell levels left.
You knew the following spells:

 Your Spells              Type           Power        Failure   Level  Hunger
a - Corona                Hex            #####..      1%          1    None
b - Confuse               Hex            #####...     1%          3    ##.....
c - Dazzling Spray        Conj/Hex       ####..       1%          3    ##.....
d - Ensorcelled Hibernat  Hex/Ice        ###...       2%          2    #......
e - Tukima's Dance        Hex            #####...     1%          3    ##.....


Dungeon Overview and Level Annotations

Branches:
Dungeon (12/15)            Temple (1/1) D:7            Lair (1/6) D:8
    Orc (0/2) D:10

Altars:
Ashenzari
Cheibriados
Dithmenos
Elyvilon
Fedhas
Gozag
Hepliaklqana
Kikubaaqudgha
Makhleb
Nemelex Xobeh
Okawaru
Qazlal
Ru
Sif Muna
Trog
Uskayaw
Vehumet
Wu Jian
Xom
Yredelemnul
Zin
The Shining One

Shops:
D:7 (

Annotations:
D:3 galech's ghost, amateur TrMo
D:4 1 runed door


Innate Abilities, Weirdness & Mutations

You can breathe blasts of noxious fumes.
Your lurid green scales are hard. (AC +8)
You cannot fit into any form of body armour.
Your system is resistant to poisons. (rPois)
You are cold-blooded and may be slowed by cold attacks.


Message History

* * * LOW HITPOINT WARNING * * *
The basilisk bites you!
* * * LOW HITPOINT WARNING * * *
The black mamba bites you but does no damage.
The basilisk bites you!
* * * LOW HITPOINT WARNING * * *
The black mamba bites you.
* * * LOW HITPOINT WARNING * * *
The black mamba bites you but does no damage.
The basilisk gazes at you. The black mamba bites you.
* * * LOW HITPOINT WARNING * * *
The black mamba bites you.
* * * LOW HITPOINT WARNING * * *
The basilisk gazes at you. You resist with some effort.
The black mamba bites you.
* * * LOW HITPOINT WARNING * * *
The black mamba bites you!
You die...

..## #....>....## #....
##+#..#.....# ##...#
#.....###..+## #.....
#.....##.....##
#.....##.....##......#
#.....#...♣..##.....##
##..♣........#..♣..#.##
#..................#...
.##...@...♣.......#....
##..lS.........###P##
##..♣..♣..♣..# ###
##=........#
#....♣..... #........#
###..+#### ###...##
#......#


You could see a black mamba and a basilisk.

Vanquished Creatures
  2 hydras
  6 two-headed ogres
  Pikel (D:5)
  Psyche (D:10)
  A spiny frog (Lair:1)
  A centaur skeleton (D:10)
  2 komodo dragons (D:11)
  A troll (D:10)
  2 dream sheep (D:8)
  4 hippogriffs
  Sigmund (D:6)
  2 wyverns
  Eustachio (D:4)
  17 yaks
  A basilisk (D:8)
  3 hungry ghosts
  A steam dragon (D:9)
  Menkaure (D:6)
  A two-headed ogre zombie (D:10)
  3 water moccasins
  Duvessa (D:6)
  3 orc warriors
  A black bear (D:12)
  2 slaves (D:5)
  2 sky beasts
  2 ice beasts (D:6)
  5 phantoms (D:10)
  A necrophage (D:9)
  4 ogres
  2 centaurs
  4 crocodiles
  5 big kobolds
  2 bullfrogs
  4 scorpions
  A wyvern skeleton (D:8)
  Dowan (D:6)
  A water moccasin skeleton (D:6)
  A troll zombie (D:10)
  4 wights (D:10)
  2 howler monkeys (D:6)
  7 crimson imps
  2 bullfrog zombies
  5 hounds
  3 jellies
  9 orc priests
  3 iguanas
  14 orc wizards
  11 worker ants
  6 ogre zombies (D:10)
  A howler monkey skeleton (D:9)
  13 gnolls
  7 adders
  4 shadow imps
  3 oozes
  2 adder skeletons
  A worm (D:3)
  A dart slug (D:2)
  8 leopard geckos
  58 orcs
  A ball python (D:2)
  3 giant cockroaches
  14 hobgoblins
  8 jackals
  22 kobolds
  8 quokkas
  3 bats
  4 frilled lizards
  13 goblins
  2 goblin skeletons (D:10)
  A goblin zombie (D:10)
  3 hobgoblin zombies (D:10)
  A leopard gecko skeleton (D:4)
  An orc skeleton (D:10)
  17 orc zombies (D:10)
  7 rats
366 creatures vanquished.

Vanquished Creatures (others)
  3 plants
3 creatures vanquished.

Grand Total: 369 creatures vanquished

Notes
Turn   | Place    | Note
-------+----------+-------------------------------------------
     0 | D:1      | krabocopter the Draconian Monk began the quest for the Orb.
     0 | D:1      | Reached XP level 1. HP: 19/19 MP: 1/1
   266 | D:1      | Reached XP level 2. HP: 27/27 MP: 2/2
   562 | D:1      | You fall through a shaft!
   567 | D:2      | Reached skill level 4 in Fighting
   845 | D:2      | Reached XP level 3. HP: 33/33 MP: 3/3
  1212 | D:2      | Found a shimmering altar of Xom.
  1233 | D:2      | Found a shimmering altar of Xom.
  1233 | D:2      | Found a shimmering altar of Xom.
  1233 | D:2      | Found a shimmering altar of Xom.
  1233 | D:2      | Found a shimmering altar of Xom.
  1361 | D:2      | Reached XP level 4. HP: 31/41 MP: 4/4
  1418 | D:2      | Found a glowing golden altar of the Shining One.
  1419 | D:2      | Found a glowing silver altar of Zin.
  1422 | D:2      | Found a white marble altar of Elyvilon.
  1615 | D:2      | Reached skill level 5 in Fighting
  1950 | D:3      | Reached XP level 5. HP: 44/50 MP: 5/5
  2064 | D:3      | Noticed galech's ghost (amateur TrMo)
  2380 | D:4      | Found an ornate altar of the Wu Jian Council.
  2398 | D:4      | Reached skill level 6 in Fighting
  2411 | D:4      | Noticed Eustachio
  2460 | D:4      | Killed Eustachio
  2460 | D:4      | Reached XP level 6. HP: 25/58 MP: 6/6
  2686 | D:4      | Reached skill level 7 in Fighting
  2721 | D:4      | Got a crude large shield
  2786 | D:4      | Identified the +3 large shield of Plog {Regen+} (You took it off a hobgoblin on level 4 of the Dungeon)
  3193 | D:4      | Found a runed door.
  3253 | D:5      | Entered Level 5 of the Dungeon
  3421 | D:5      | Found a radiant altar of Vehumet.
  3452 | D:5      | Your scales start taking on a lurid green colour.
  3452 | D:5      | Reached XP level 7. HP: 63/67 MP: 7/7
  3452 | D:5      | Gained mutation: Your system is resistant to poisons. (rPois) [Green Draconian growth]
  3466 | D:5      | Noticed Pikel
  3506 | D:4      | Upgraded the game from 0.20-a0-927-g1ae2c61 to 0.20-a0-939-g04f5055
  3605 | D:5      | Reached skill level 8 in Fighting
  4000 | D:5      | Reached skill level 5 in Dodging
  4033 | D:5      | Killed Pikel
  4033 | D:5      | Reached skill level 9 in Fighting
  4033 | D:5      | Reached XP level 8. HP: 69/79 MP: 8/8
  4060 | D:5      | Found a hide-covered altar of Uskayaw.
  4138 | D:5      | Reached skill level 10 in Fighting
  4435 | D:5      | Learned a level 1 spell: Corona
  4487 | D:6      | Noticed Menkaure
  4494 | D:6      | Killed Menkaure
  5147 | D:6      | Reached skill level 11 in Fighting
  5264 | D:6      | Reached XP level 9. HP: 89/89 MP: 9/9
  5332 | D:6      | Noticed Sigmund
  5350 | D:6      | Killed Sigmund
  5350 | D:6      | Reached skill level 1 in Spellcasting
  5350 | D:6      | Reached skill level 1 in Hexes
  5575 | D:6      | Found a shadowy altar of Dithmenos.
  5613 | D:6      | Noticed Duvessa
  5626 | D:6      | Noticed Dowan
  5630 | D:6      | Killed Duvessa
  5636 | D:6      | Killed Dowan
  5802 | D:6      | Found a bloodstained altar of Trog.
  6158 | D:7      | Found a glowing golden altar of the Shining One.
  6227 | D:7      | Found Fedom's Antique Weapon Shoppe.
  6232 | D:7      | Bought a scorched short sword for 216 gold pieces
  6232 | D:7      | Identified the +6 short sword "Conservator" {pierce, +Rage rN+ MR- Int+3} (You bought it in a shop on level 7 of the Dungeon)
  6244 | D:7      | Got a translucent halberd
  6245 | D:7      | Identified the +8 halberd of Eternal War {chop, Dex+2} (You found it on level 7 of the Dungeon)
  6375 | D:7      | Found a staircase to the Ecumenical Temple.
  6612 | Temple   | Entered the Ecumenical Temple
  6841 | Temple   | Became a worshipper of Sif Muna the Loreminder
  6841 | Temple   | Reached * piety under Sif Muna
  6841 | Temple   | Reached ** piety under Sif Muna
  7038 | D:8      | Reached skill level 5 in Hexes
  7278 | D:8      | Reached XP level 10. HP: 67/95 MP: 16/16
  7291 | D:8      | Reached *** piety under Sif Muna
  7441 | D:8      | Noticed a two-headed hydra
  7459 | D:8      | Found an ancient bone altar of Kikubaaqudgha.
  7855 | D:8      | Found a staircase to the Lair.
  7945 | D:8      | Reached skill level 5 in Spellcasting
  7992 | D:8      | Learned a level 3 spell: Confuse
  8012 | D:8      | Noticed a two-headed ogre
  8017 | D:8      | Killed a two-headed ogre
  8023 | D:8      | Found an iron altar of Okawaru.
  8116 | D:8      | Found a bloodstained altar of Trog.
  8119 | D:8      | Found a shadowy altar of Dithmenos.
  8122 | D:8      | Found a burning altar of Makhleb.
  8202 | D:8      | Found a blossoming altar of Fedhas.
  8794 | D:7      | Bought a twisted hand axe for 216 gold pieces
  8794 | D:7      | Identified the +3 hand axe of Kutsiela {freeze, +Inv rN+ MR- Stlth+} (You bought it in a shop on level 7 of the Dungeon)
  8895 | D:9      | Reached **** piety under Sif Muna
  9257 | D:9      | Found a deep blue altar of Sif Muna.
  9283 | D:9      | Identified Sif Muna's Compendium of Earth
  9310 | D:9      | Learned a level 3 spell: Dazzling Spray
  9338 | D:9      | Noticed a four-headed hydra
  9578 | D:9      | Reached skill level 1 in Conjurations
  9986 | D:9      | Killed a four-headed hydra
  9986 | D:9      | Reached XP level 11. HP: 75/102 MP: 18/18
 10485 | D:10     | Entered Level 10 of the Dungeon
 10894 | D:10     | Found a staircase to the Orcish Mines.
 11193 | D:10     | Noticed a two-headed ogre
 11202 | D:10     | Killed a two-headed ogre
 11202 | D:10     | Reached skill level 5 in Conjurations
 11440 | D:10     | Reached ***** piety under Sif Muna
 11528 | D:10     | Noticed Psyche
 11534 | D:10     | Killed Psyche
 11708 | D:10     | Noticed a two-headed ogre
 11715 | D:10     | Killed a two-headed ogre
 12239 | D:11     | Found a bloodstained altar of Trog.
 12506 | D:11     | Noticed a two-headed ogre
 12519 | D:11     | Killed a two-headed ogre
 12519 | D:11     | Reached skill level 10 in Dodging
 12679 | D:11     | Noticed a two-headed ogre
 12691 | D:11     | Killed a two-headed ogre
 12720 | D:11     | Noticed a two-headed ogre
 12725 | D:11     | Killed a two-headed ogre
 13043 | D:11     | Identified Sif Muna's Incunabulum of Fetching Attacks (Sif Muna gifted it to you on level 11 of the Dungeon)
 13043 | D:11     | Received a gift from Sif Muna
 13051 | D:11     | Learned a level 2 spell: Ensorcelled Hibernation
 13226 | D:12     | Reached skill level 1 in Shields
 13226 | D:12     | Reached XP level 12. HP: 101/110 MP: 19/19
 13271 | D:12     | Reached skill level 1 in Ice Magic
 13481 | D:10     | Learned a level 3 spell: Tukima's Dance
 13659 | Lair:1   | Entered Level 1 of the Lair of Beasts
 13764 | Lair:1   | Noticed a four-headed hydra
 13788 | D:8      | Killed a four-headed hydra
 14139 | Lair:1   | Got a translucent dagger
 14141 | Lair:1   | Identified the cursed +1 dagger of the Shining Light {venom, rElec rF- Dex+5} (You found it on level 1 of the Lair of Beasts)
 14288 | Lair:1   | HP: 5/110 [black mamba (1)]
 14290 | Lair:1   | HP: 2/110 [black mamba (1)]
 14290 | Lair:1   | Slain by a black mamba

Vault maps used:
D:1:      dpeg_arrival_line_fractal
D:2:      good_gods_temple_1, xom_redecorated
D:4:      kennysheep_mini, corexii_checkpoint_a, uniq_crazy_yiuf_cottage,
          uniq_eustachio
D:5:      eat_drink_and_be_merry_uskayaw, vehumet_crystals, first_bread,
          uniq_pikel
D:6:      corexii_shantytown, basic_altar, bloody_trog, uniq_menkaure,
          uniq_sigmund, uniq_duvessa
D:7:      minmay_temple_entry_fiery, basic_altar, serial_shops, shop,
          zaba_anthole
D:8:      overflow_temple_1_default, kiku_gazebo_garden_becter,
          old_standard_altar, grunt_temple_overflow_diamond, david_lair_generic,
          hangedman_ranch
D:9:      led_sif_book
D:10:     zombieorc2_lemuel, uniq_psyche
D:11:     basic_altar
D:12:     minmay_misc_feat_secret_circle
Temple:   jpeg_temple_island
Lair:1:   grunt_forest_small_clearings, grunt_megastairs_3

Skill      XL: |  1  2  3  4  5  6  7  8  9 10 11 12 |
---------------+-------------------------------------+-----
Dodging        | 3 4 5 6 8 10 | 10.2
Fighting       | 4 5 6 7 9 11 | 11.1
Spellcasting   | 4 5 |  5.0
Hexes          | 5 8 |  8.8
Conjurations   | 2 7 |  7.4
Shields        | 1 3 |  3.0
Ice Magic      | 2 |  2.1
Stealth        | 2 |  2.5
Short Blades   | |  0.6
Long Blades    | |  3.0

Action                   |  1- 3 |  4- 6 |  7- 9 | 10-12 || total
-------------------------+-------+-------+-------+-------++-------
Melee: Falchion          |    89 |    38 |       |       ||   127
       Tailslap          |     8 |    30 |    79 |    70 ||   187
       Short sword       |       |   186 |   464 |   185 ||   835
       Halberd           |       |       |    44 |   393 ||   437
 Cast: Confuse           |       |       |       |    19 ||    19
       Dazzling Spray    |       |       |       |     6 ||     6
       Ensorcelled Hiber |       |       |       |     6 ||     6
 Abil: Breathe Noxious F |       |       |    18 |    20 ||    38
Evoke: Wand              |       |       |       |     1 ||     1
  Use: Potion            |     1 |     6 |     2 |     4 ||    13
       Scroll            |       |     3 |     8 |     8 ||    19
 Stab: Sleeping          |     5 |     5 |     1 |     9 ||    20
       Confused          |       |       |    13 |    18 ||    31
       Distracted        |       |       |     1 |     1 ||     2
       Invisible         |       |       |       |     4 ||     4
  Eat: Chunk             |     2 |     6 |    16 |    27 ||    51
       Fruit             |       |       |       |     7 ||     7
Armor: Skin              |    17 |    44 |   101 |   163 ||   325
Dodge: Dodged            |    57 |   148 |   291 |   496 ||   992
Block: Buckler           |       |       |       |    22 ||    22
       Rpst.: Falchion   |    19 |    16 |       |       ||    35
